 Dungeon Crawl Stone Soup version 0.29-a0-330-g52719c12eb (webtiles) character file.

Game seed: 17026466177807525775

32 Gwenloh the Grave Robber (level 3, 0/17 HPs)
             Began as a Vine Stalker Necromancer on May 4, 2022.
             Slain by a hobgoblin (2 damage)
             ... led by Robin
             ... on level 1 of the Dungeon.
             The game lasted 00:02:51 (1445 turns).

Gwenloh the Grave Robber (Vine Stalker Necromancer) Turns: 1445, Time: 00:02:51

Health: 0/17       AC:  2    Str: 10    XL:     3   Next: 25%
Magic:  0/7        EV: 12    Int: 17    God:
Gold:   66         SH:  0    Dex: 14    Spells: 6/7 levels left

rFire   . . .      SeeInvis .   (no weapon)
rCold   . . .      Faith    .   (no shield)
rNeg    . . .      Spirit   +   a - +0 robe
rPois   .          Reflect  .   (no helmet)
rElec   .          Harm     .   (no cloak)
rCorr   .          Rampage  .   (no gloves)
Will    .....                   (no boots)
Stlth   ++........              (no amulet)
HPRegen 0.05/turn               (no ring)
MPRegen 0.10/turn               (no ring)

@: no status effects
A: fangs 2, magic shield, antimagic bite, no potion heal 2
a: no special abilities


You were on level 1 of the Dungeon.
You visited 1 branch of the dungeon, and saw 2 of its levels.

You collected 66 gold pieces.

Inventory:

Missiles
 d - 66 stones
 l - a throwing net
Armour
 a - a +0 robe (worn)
Jewellery
 i - a ring of see invisible
Scrolls
 e - 3 scrolls of noise {unknown}
 f - a scroll of identify {unknown}
 g - a scroll of fog {unknown}
 h - a scroll of teleportation {unknown}
 m - a scroll of enchant armour {unknown}
Potions
 b - a potion of magic
 c - 2 potions of curing {unknown}
 j - a potion of heal wounds {unknown}
 k - a potion of lignification {unknown}


   Skills:
 + Level 0.8 Fighting
 - Level 1.5 Dodging
 + Level 3.0 Stealth
 + Level 2.5 Spellcasting
 * Level 4.4 Necromancy


You had 6 spell levels left.
You knew the following spells:

 Your Spells              Type           Power      Damage    Failure   Level
a - Pain                  Necr           68%        1d7       3%          1

Your spell library contained the following spells:

 Spells                   Type           Power      Damage    Failure   Level
 Animate Skeleton         Necr           34%        N/A       3%          1
 Vampiric Draining        Necr           17%        2d7       9%          3
 Animate Dead             Necr           8%         N/A       30%         4
 Agony                    Necr           17%        N/A       63%         5


Dungeon Overview and Level Annotations

Branches:
Dungeon (2/15)

Altars:

Shops:
D:1 [

Annotations:
D:2 Robin


Innate Abilities, Weirdness & Mutations

You have extremely sharp teeth.
When hurt, damage is shared between your health and your magic reserves.
Your bite disrupts and absorbs the magic of your enemies.
Potions cannot restore your health.


Message History

You are too injured to fight recklessly!
The goblin attacks as you move away! The goblin completely misses you.
The goblin barely misses you. The goblin attacks as you move away!
The goblin hits you but does no damage. The goblin attacks as you move away!
The goblin closely misses you. The goblin attacks as you move away!
The goblin hits you with a +0 club.
* * * LOW HITPOINT WARNING * * *
The goblin attacks as you move away! The goblin barely misses you.
Casting: Pain (safe; 3% risk of failure)
Confirm with . or Enter, or press ? or * to list all spells.
Aiming: Pain (safe; 3% risk of failure)
Press: ? - help, Shift-Dir - straight line, f - goblin
Aim: a goblin, wielding a +0 club (strong, chance to affect: 87%)
The goblin writhes in agony!
You kill the goblin!
The goblin no longer looks unusually strong.
Casting: Pain (safe; 3% risk of failure)
Confirm with . or Enter, or press ? or * to list all spells.
Aiming: Pain (safe; 3% risk of failure)
Press: ? - help, Shift-Dir - straight line, f - goblin
Aim: a goblin, wielding a +0 club (severely wounded, chance to affect: 87%)
The goblin writhes in agony.
You kill the goblin!
The hobgoblin no longer looks unusually strong.
The goblin no longer looks unusually strong.
Casting: Pain (safe; 3% risk of failure)
Confirm with . or Enter, or press ? or * to list all spells.
Aiming: Pain (safe; 3% risk of failure)
Press: ? - help, Shift-Dir - straight line, f - goblin
Aim: a goblin, wielding a +0 club (chance to affect: 87%)
The goblin writhes in agony.
You kill the goblin!
Casting: Pain (safe; 3% risk of failure)
Confirm with . or Enter, or press ? or * to list all spells.
Aiming: Pain (safe; 3% risk of failure)
Press: ? - help, Shift-Dir - straight line, f - hobgoblin
Aim: a hobgoblin (chance to affect: 87%)
The hobgoblin writhes in agony.
The hobgoblin attacks as you move away! The hobgoblin hits you.
You die...

.#.# #..>.....gg......# #..#
...# ##..#########.##..####..#
.#.####........g.)..##........#
.#..........g##########.####..#
.#.####......# #.......# ..##
#.....)######## #.#####># .##
#..........g..# #.#####.# ##
#......######.###.......#
####.##...@g....#..####.#
###.##.#######.#..# #.#
#..)...# #.#..# #.# #.#.#..#
#.#..####.# ############
#.........#
####.........#####..#.####
###...............##..#.#
#.......⌠...⌠......'..#.#
##...⌠.........⌠...##.#.#


You could see a hobgoblin.

Vanquished Creatures
  2 ball pythons (D:1)
  A bat (D:1)
  3 endoplasms (D:1)
  2 giant cockroaches (D:1)
  5 goblins (D:1)
  3 hobgoblins (D:1)
  A kobold (D:1)
  4 quokkas (D:1)
  3 frilled lizards (D:1)
  2 rats (D:1)
26 creatures vanquished.

Notes
Turn   | Place    | Note
-------+----------+-------------------------------------------
     0 | D:1      | Gwenloh the Vine Stalker Necromancer began the quest for
                  | the Orb.
     0 | D:1      | Reached XP level 1. HP: 9/9 MP: 4/4
   311 | D:1      | Reached XP level 2. HP: 11/14 MP: 3/6
  1195 | D:1      | Reached XP level 3. HP: 16/17 MP: 5/7
  1226 | D:1      | Found Moaclim's Antique Armour Shoppe.
  1409 | D:2      | Noticed Robin
  1445 | D:1      | Slain by a hobgoblin

Illustrated notes

Levels and vault maps discovered:
D:1:      dpeg_arrival_stone_temple_mockup, layout_loops_ring, serial_shops,
          shop_fountains, st_stairs_1
D:2:      layout_rooms, hangedman_glass_teeth, kennysheep_generic_room_3,
          uniq_crazy_yiuf_cottage, uniq_robin

Skill      XL: |  1  2  3 |
---------------+----------+-----
Stealth        | 3 |  3.0
Fighting       | |  0.8
Dodging        | |  1.5
Spellcasting   | |  2.5
Necromancy     | |  4.4

Action                   || total
-------------------------++-------
Melee: Unarmed           ||     2
 Cast: Pain              ||    40
Armor: Robe              ||     2
Dodge: Dodged            ||    10

Table legend: (Time is in decaauts)
 A = Elapsed time spent in this place.
 B = Non-inter-level travel time spent in this place.
 C = Inter-level travel time spent in this place.
 D = Time resting spent in this place.
 E = Time spent auto-exploring this place.
 F = Levels seen in this place.
 G = Mean time per level.
                   A        B        C        D        E       F      G
               +--------+--------+--------+--------+--------+-----+--------+
         Total |   1446 |   1399 |     47 |     28 |   1187 |   2 |  723.0 |
       Dungeon |   1446 |   1399 |     47 |     28 |   1187 |   2 |  723.0 |
               +--------+--------+--------+--------+--------+-----+--------+

Top non-repeatable levels by time:
     D:1: 1442 daAuts
     D:2: 4 daAuts
